Match 40536231
Unlisted

Match 40536231
End
Construct Infanterie Kompanie
Selects Terror Battlegroup
Selects Machine Gun Camouflage
Grenadier Squad
MG 42 Machine Gun Team
Grenadier Squad
MG 42 Machine Gun Team
Medical Bunker
Construct Panzergrenadier Kompanie
251 Medium Carrier
Pak 40 Anti-tank Gun Team
Support Elements
Panzergrenadier Squad
Panzergrenadier Officer Quarters
Selects Defend the Fatherland
StuG III G Assault Gun
Defend the Fatherland
Grenadier Squad
Selects King Tiger Heavy Tank
King Tiger Heavy Tank
Defend the Fatherland
TheCreepy
S.S.Vodka
 Definitely Not Juzo 
STALKER4732
SoyaLors
Nord__Fox
0
0

Comments sign in to comment!

No comments posted yet!